 Dungeon Crawl Stone Soup version 0.26.0-10-g1f06aea511 (webtiles) character file.

Game seed: 2476604783569915343

525 Dracia the Spear-Bearer (level 7, -7/50 HPs)
             Began as a Merfolk Gladiator on Jan 19, 2021.
             Killed by divine providence
             ... invoked by an orc priest
              (15 damage)
             ... on level 5 of the Dungeon.
             The game lasted 00:05:26 (3590 turns).

Dracia the Spear-Bearer (Merfolk Gladiator)         Turns: 3590, Time: 00:05:26

Health: -7/50      AC: 10    Str: 16    XL:     7   Next: 22%
Magic:  7/7        EV: 13    Int:  8    God:
Gold:   281        SH:  4    Dex: 15    Spells: 6/6 levels left

rFire    . . .     SeeInvis .   a - +0 trident
rCold    . . .     Faith    .   i - +0 buckler
rNeg     . . .     Spirit   .   b - +0 leather armour
rPois    .         Reflect  .   c - +0 helmet
rElec    .         Harm     .   h - +1 cloak
rCorr    .         Rampage  .   (no gloves)
Will     .....                  (no boots)
Stlth    +.........             (no amulet)
HPRegen  0.16/turn              O - +4 ring of protection
MPRegen  0.10/turn              (no ring)

@: no status effects
A: change form in water, swift swim, stealthy swim
a: no special abilities


You were on level 5 of the Dungeon.
You visited 1 branch of the dungeon, and saw 5 of its levels.

You collected 281 gold pieces.


   Skills:
 - Level 2.1 Fighting
 + Level 10.9 Polearms
 - Level 2.0 Throwing
 - Level 4.0 Dodging
 + Level 2.0 Shields


You had 6 spell levels left.
You didn't know any spells.
Your spell library was empty.

Inventory:

Hand Weapons
 a - a +0 trident (weapon)
Missiles
 d - 3 throwing nets (quivered) {=f=f}
 j - 4 curare-tipped darts {=f=f}
Armour
 b - a +0 leather armour (worn)
 c - a +0 helmet (worn)
 h - a +1 cloak (worn)
 i - a +0 buckler (worn)
Jewellery
 O - a +4 ring of protection (left hand)
Wands
 m - a wand of disintegration (5)
Scrolls
 e - 2 scrolls of teleportation {@r4@r4}
 f - 4 scrolls of identify {@r1@r1}
 g - 3 scrolls of remove curse {@r2@r2}
 o - a scroll of magic mapping
Potions
 l - a potion of might
 n - a potion of curing {unknown}

Dungeon Overview and Level Annotations

Branches:
Dungeon (5/15)
 Temple: D:4-7

Altars:
Ashenzari
Cheibriados
Hepliaklqana
Kikubaaqudgha
Nemelex Xobeh
Qazlal
Ru
Sif Muna
Xom

Shops:
D:4

* #. ###'######
#........#
#........#####
#...(........#
#....(....#....
#####.....(.((# #
..........###.)......
......o@.<+ #######.#
..........#
#######+###


You could see an orc priest.


Message History

Your Shields skill increases to level 2!
Unknown command.
You are too injured to fight recklessly!
You are too injured to fight recklessly!
You are too injured to fight recklessly!
You are too injured to fight recklessly!
You hit the orc priest but do no damage.
The orc priest is heavily wounded.
You block the orc priest's attack.
You closely miss the orc priest.
The orc priest is heavily wounded.
You hit the orc priest.
The orc priest is severely wounded.
The orc priest closely misses you.
You barely miss the orc priest.
The orc priest is severely wounded.
The orc priest hits you with a +0 mace.
* * * LOW HITPOINT WARNING * * *
You closely miss the orc priest.
The orc priest is severely wounded.
You hit the orc priest.
The orc priest is almost dead.
The orc priest invokes the aid of Beogh against you.
Pain shoots through your body!
* * * LOW HITPOINT WARNING * * *
You barely miss the orc priest.
The orc priest is almost dead.
The orc priest calls down the wrath of Beogh upon you.
Beogh smites you!
You die...

Skill      XL: |  1  2  3  4  5  6  7 |
---------------+----------------------+-----
Polearms       | 5 6 7 8 9 10 | 10.9
Shields        | 1 2 |  2.0
Fighting       | |  2.1
Throwing       | |  2.0
Dodging        | |  4.0

Action                   |  1- 3 |  4- 6 |  7- 9 || total
-------------------------+-------+-------+-------++-------
Melee: Trident           |    82 |   196 |    23 ||   301
  Use: Scroll            |     4 |     4 |       ||     8
       Potion            |     1 |       |       ||     1
 Stab: Sleeping          |     1 |     3 |       ||     4
Armor: Leather armour    |    18 |    44 |     3 ||    65
Dodge: Dodged            |    45 |    87 |     5 ||   137
Block: Buckler           |       |       |     3 ||     3

Levels and vault maps discovered:
D:1:      kb_arrival_jail, layout_loops_corners, serial_bayou_pond_c
D:2:      layout_loops_cross, nemelex_xobeh_ov_fountains_minmay,
          nzn_hepliaklqana_mist_gate
D:3:      layout_rooms, chequers_temple_overflow_statue_of_worship,
          kennysheep_slug_shrine, amethyst_overflow_temple_binary,
          chequers_ecumenical_altar_grove
D:4:      layout_loops_cross, serial_shops, nicolae_shop_stone, uniq_ijyb
D:5:      layout_basic, vehumet_altar_wand_db, serial_shops,
          kennysheep_little_box

Notes
Turn   | Place    | Note
-------+----------+-------------------------------------------
     0 | D:1      | Dracia the Merfolk Gladiator began the quest for the Orb.
     0 | D:1      | Reached XP level 1. HP: 16/16 MP: 1/1
     2 | D:1      | Noticed a centaur
     4 | D:1      | Noticed an octopode
     4 | D:1      | Noticed a vine stalker
     8 | D:1      | Noticed a merfolk
     8 | D:1      | Noticed a human
    10 | D:1      | Noticed a ghoul
    10 | D:1      | Noticed a draconian
    12 | D:1      | Noticed a felid
    12 | D:1      | Noticed a tengu
    14 | D:1      | Noticed a gargoyle
    14 | D:1      | Noticed a troll
    16 | D:1      | Noticed a spriggan
    16 | D:1      | Noticed a naga
    18 | D:1      | Noticed an ogre
    18 | D:1      | Noticed a formicid
    20 | D:1      | Noticed a vampire
    20 | D:1      | Noticed a demigod
    23 | D:1      | Noticed a demonspawn
    23 | D:1      | Noticed a minotaur
    25 | D:1      | Noticed a halfling
    27 | D:1      | Noticed a dwarf
    27 | D:1      | Noticed an elf
   318 | D:1      | Reached skill level 5 in Polearms
   354 | D:1      | Reached XP level 2. HP: 22/22 MP: 2/2
   843 | D:2      | Reached skill level 6 in Polearms
   843 | D:2      | Reached XP level 3. HP: 27/27 MP: 3/3
   906 | D:2      | Reached skill level 7 in Polearms
   906 | D:2      | Reached XP level 4. HP: 8/33 MP: 4/4
   906 | D:2      | HP: 1/33 [gnoll/+0 halberd (7)]
  1501 | D:2      | Found a sparkling altar of Nemelex Xobeh.
  1618 | D:2      | Found a hazy altar of Hepliaklqana.
  1752 | D:3      | Reached skill level 8 in Polearms
  1752 | D:3      | Reached XP level 5. HP: 24/38 MP: 5/5
  1987 | D:3      | Found a faded altar of an unknown god.
  2021 | D:3      | Found a shimmering altar of Xom.
  2021 | D:3      | Found a stormy altar of Qazlal.
  2024 | D:3      | Found a sacrificial altar of Ru.
  2024 | D:3      | Found a broken altar of Ashenzari.
  2052 | D:3      | Found a snail-covered altar of Cheibriados.
  2092 | D:3      | Found a shimmering blue altar of Sif Muna.
  2092 | D:3      | Found an ancient bone altar of Kikubaaqudgha.
  2308 | D:4      | Noticed Ijyb
  2323 | D:4      | Killed Ijyb
  2329 | D:4      | Reached skill level 9 in Polearms
  2717 | D:4      | Reached XP level 6. HP: 26/44 MP: 6/6
  2747 | D:4      | Reached skill level 10 in Polearms
  3235 | D:4      | Found Tutof's Assorted Antiques.
  3332 | D:5      | Entered Level 5 of the Dungeon
  3349 | D:5      | Reached skill level 1 in Shields
  3349 | D:5      | Reached XP level 7. HP: 28/50 MP: 7/7
  3584 | D:5      | Reached skill level 2 in Shields
  3590 | D:5      | Killed from afar by an orc priest

Vanquished Creatures
  A centaur (D:5)
  A howler monkey (D:5)
  An orc priest (D:4)
  Ijyb (D:4)
  4 orc wizards
  3 worker ants (D:4)
  A howler monkey skeleton (D:4)
  4 gnolls (D:2)
  2 adders
  An ooze (D:2)
  4 worms
  4 dart slugs
  A leopard gecko (D:2)
  12 orcs
  2 bats
  4 giant cockroaches
  7 goblins
  5 hobgoblins
  5 jackals
  3 kobolds
  2 quokkas
  6 frilled lizards
  12 rats
86 creatures vanquished.

Table legend: (Time is in decaauts)
 A = Elapsed time spent in this place.
 B = Non-inter-level travel time spent in this place.
 C = Inter-level travel time spent in this place.
 D = Time resting spent in this place.
 E = Time spent auto-exploring this place.
 F = Levels seen in this place.
 G = Mean time per level.
                   A        B        C        D        E       F      G
               +--------+--------+--------+--------+--------+-----+--------+
         Total |   3551 |   3487 |     64 |    636 |   2314 |   5 |  710.2 |
       Dungeon |   3551 |   3487 |     64 |    636 |   2314 |   5 |  710.2 |
               +--------+--------+--------+--------+--------+-----+--------+

Top non-repeatable levels by time:
     D:4: 1163 daAuts
     D:2: 908 daAuts
     D:1: 766 daAuts
     D:3: 597 daAuts
     D:5: 115 daAuts

Table legend:
 A = Non-vault XP
 B = Vault XP
 C = Vault XP percentage of total XP
 D = Non-vault monster count
 E = Vault monster count
 F = Vault count percentage of total count
                 A         B        C        D         E       F
            +---------+---------+-------+---------+---------+-------
      Total |     708 |      42 |   5.6 |      84 |       2 |   2.3
            +---------+---------+-------+---------+---------+-------
        D:1 |      24 |       0 |   0.0 |      13 |       0 |   0.0
        D:2 |     106 |       0 |   0.0 |      28 |       0 |   0.0
        D:3 |      80 |       4 |   4.8 |      16 |       1 |   5.9
        D:4 |     323 |      38 |  10.5 |      23 |       1 |   4.2
        D:5 |     175 |       0 |   0.0 |       4 |       0 |   0.0
            +---------+---------+-------+---------+---------+-------
